 Dungeon Crawl Stone Soup version 0.31-a0-1178-gc5c9b8f871 (webtiles) character file.

Game seed: 11466306795222076873

7439 qw the Skirmisher (level 11, -9/68 HPs)
             Began as a Gargoyle Hunter on Dec 11, 2023.
             Was a High Priest of Okawaru.
             Mangled by a tengu warrior
             ... wielding a +0 glaive
              (19 damage)
             ... on level 9 of the Dungeon.
             The game lasted 00:03:40 (6750 turns).

qw the Skirmisher (Gargoyle Hunter)                 Turns: 6750, Time: 00:03:41

Health: -9/68      AC: 26    Str: 15    XL:     11   Next: 15%
Magic:  15/15      EV: 13    Int: 10    God:    Okawaru [*****.]
Gold:   616        SH:  0    Dex: 17    Spells: 10/10 levels left

rFire   . . .        b - +2 orcbow (freeze)
rCold   . . .        (shield currently unavailable)
rNeg    + . .        p - +4 ring mail
rPois   inf          h - +2 helmet
rElec   +            r - +1 cloak
rCorr   .            j - +2 pair of gloves
SInv    .            (no boots)
Will    +....        o - amulet of regeneration
Stlth   +            n - ring of willpower
HPRegen 1.11/turn    (no ring)
MPRegen 0.14/turn

%: no passive effects
@: about to teleport
A: sickness immunity, AC +8, negative energy resistance 1, electricity
resistance, torment resistance 1, petrification resistance
a: Renounce Religion, Heroism, Finesse, Duel


You were on level 9 of the Dungeon.
You worshipped Okawaru.
Okawaru was extremely pleased with you.
You visited 2 branches of the dungeon, and saw 10 of its levels.
You also visited: Ossuary.

You collected 616 gold pieces.


Innate Abilities, Weirdness & Mutations

You are immune to sickness and miasma.
Your stone body is resilient. (AC +8)
You are immune to poison.
You resist negative energy. (rN+)
You are resistant to electric shocks. (rElec)
You are resistant to unholy torment.
You are immune to petrification.


   Skills:
 + Level 8.1 Fighting
 - Level 13.0 Ranged Weapons
 - Level 4.0 Armour
 - Level 4.9 Dodging
 - Level 1.1 Stealth
 + Level 6.3 Invocations


You had 10 spell levels left.
You didn't know any spells.
Your spell library was empty.

Inventory:

Hand Weapons
 b - a +2 orcbow of freezing (weapon)
Armour
 h - a +2 helmet (worn)
 j - a +2 pair of gloves (worn)
 p - a +4 ring mail (worn)
 r - a +1 cloak (worn)
Jewellery
 n - a ring of willpower (left hand)
 o - an amulet of regeneration (around neck)
Wands
 i - a wand of quicksilver (18)
 m - a wand of iceblast (5)
 q - a wand of paralysis (11)
Potions
 a - a potion of heal wounds {unknown}
 d - a potion of mutation
 e - a potion of cancellation
 g - 4 potions of might
 k - 4 potions of haste

Dungeon Overview and Level Annotations

Branches:
Dungeon (9/15)             Temple (1/1) D:5         Ossuary (visited)
   Lair: D:8-11         Orc: D:9-12

Altars:
Ashenzari
Cheibriados
Dithmenos
Elyvilon
Fedhas
Gozag
Hepliaklqana
Kikubaaqudgha
Makhleb
Nemelex Xobeh
Okawaru
Qazlal
Ru
Sif Muna
Trog
Uskayaw
Vehumet
Wu Jian
Xom
Yredelemnul
Zin
The Shining One


Message History

The tengu warrior hits you but does no damage.
You shoot an arrow.
The arrow hits the tengu warrior but does no damage.
The tengu warrior is severely wounded.
The tengu warrior hits you but does no damage.
You shoot an arrow. The arrow hits the tengu warrior.
The arrow freezes the tengu warrior.
The tengu warrior is severely wounded.
The tengu warrior hits you but does no damage.
You shoot an arrow. The arrow hits the kobold.
The arrow freezes the kobold.
The kobold is heavily wounded.
The kobold hits you but does no damage.
The tengu warrior hits you but does no damage.
You shoot an arrow. The arrow closely misses the kobold.
The kobold hits you but does no damage.
The tengu warrior hits you from afar with a +0 glaive!
You shoot an arrow. The arrow closely misses the kobold.
The kobold barely misses you.
The tengu warrior hits you from afar with a +0 glaive!
You shoot an arrow. The arrow barely misses the kobold.
The kobold hits you but does no damage.
The tengu warrior hits you but does no damage.
You shoot an arrow. The arrow hits the kobold!
The arrow freezes the kobold.
You kill the kobold!
Okawaru accepts your kill.
The tengu warrior hits you from afar with a +0 glaive!
You shoot an arrow.
The arrow closely misses the tengu warrior.
The tengu warrior hits you but does no damage.
You shoot an arrow.
The arrow barely misses the tengu warrior.
The tengu warrior hits you from afar with a +0 glaive!
You shoot an arrow.
The arrow closely misses the tengu warrior.
The tengu warrior hits you from afar with a +0 glaive!
6750 ||| READING scroll of teleportation.
As you read the scroll of teleportation, it crumbles to dust.
You feel strangely unstable.
The tengu warrior hits you from afar with a +0 glaive!!
You die...

. ##...............~~..
...#................~~..
#....#.................~
#..........#......~~~
#....###.....##......~..
#..# #.....###.#####...
#.......#...# #.# ...
#..######...##..# ..
...(.Q.@)%.........
...######...#..####
#####.## #


You could see a tengu warrior.

Vanquished Creatures
  Erolcha (D:9)
  A two-headed ogre (D:8)
  Amaemon (D:8)
  An orange demon (D:8)
  Jeremiah (D:7)
  A wraith (D:9)
  A steam dragon (D:7)
  3 yaks (D:9)
  Menkaure (D:7)
  A water moccasin (D:7)
  2 black bears
  An orc warrior (D:7)
  2 sky beasts (D:6)
  An ice beast (D:6)
  4 ogres
  3 centaurs
  2 phantoms (D:6)
  A kobold brigand (D:7)
  2 bullfrogs (D:7)
  2 gnoll sergeants
  2 elf zombies (Ossuary)
  4 scorpions
  12 wights
  4 killer bees (D:8)
  4 howler monkeys
  3 electric eels (D:8)
  2 hounds
  3 centaur zombies (Ossuary)
  7 human zombies (Ossuary)
  A jelly (D:6)
  6 orc priests
  9 orc wizards
  4 iguanas
  3 mummies (Ossuary)
  13 gnolls
  11 adders
  2 worms
  A dart slug (D:1)
  32 orcs
  8 ball pythons
  7 bats
  3 endoplasms (D:1)
  5 giant cockroaches
  7 goblins
  5 hobgoblins
  5 jackals
  6 frilled lizards
  16 kobolds
  4 rats
221 creatures vanquished.

Notes
Turn   | Place    | Note
-------+----------+-------------------------------------------
     0 | D:1      | qw the Gargoyle Hunter began the quest for the Orb.
     0 | D:1      | Reached XP level 1. HP: 12/12 MP: 1/1
     0 | D:1      | 0 ||| qw: Version: 0.3-a-106-g2cfff9e
     0 | D:1      | 0 ||| qw: Game counter: 2062
     0 | D:1      | 0 ||| qw: Melee chars always use a shield: true
     0 | D:1      | 0 ||| qw: God list: Okawaru
     0 | D:1      | 0 ||| qw: Allow faded altars: false
     0 | D:1      | 0 ||| qw: Do Orc after clearing Dungeon:15 true
     0 | D:1      | 0 ||| qw: Do second Lair branch before Depths: true
     0 | D:1      | 0 ||| qw: Lair rune preference: random
     0 | D:1      | 0 ||| qw: Goals: Normal, Save, Zot:1-4, Win
     0 | D:1      | 0 ||| PLANNING D:1-11
   124 | D:1      | Reached XP level 2. HP: 17/17 MP: 2/2
   305 | D:1      | Reached XP level 3. HP: 21/21 MP: 3/3
   413 | D:1      | Reached skill level 5 in Ranged Weapons
   579 | D:1      | 579 ||| UPGRADING to +0 ring mail.
   589 | D:1      | 589 ||| DROPPING +0 leather armour.
   590 | D:1      | 590 ||| UPGRADING to amulet of guardian spirit.
   595 | D:1      | 595 ||| READING scroll labelled WITAXK IDWYCSY.
   595 | D:1      | 595 ||| BRANDING +0 shortbow.
   596 | D:1      | 596 ||| READING scroll labelled LEAGRU XODWEO.
   596 | D:1      | 596 ||| IDENTIFYING fuming inky potion
   597 | D:1      | 597 ||| READING scroll labelled XITOGY OBRO.
   598 | D:1      | 598 ||| DROPPING scroll of butterflies.
   716 | D:2      | 716 ||| FLEEEEING.
   717 | D:2      | 717 ||| FLEEEEING.
   718 | D:2      | 718 ||| FLEEEEING.
   723 | D:2      | 723 ||| FLEEEEING.
   724 | D:2      | 724 ||| FLEEEEING.
   725 | D:2      | 725 ||| FLEEEEING.
   726 | D:2      | 726 ||| FLEEEEING.
   727 | D:2      | 727 ||| FLEEEEING.
   728 | D:2      | 728 ||| STAIRDANCE
   743 | D:1      | 743 ||| READING scroll labelled TEUN CAVIGOJ.
   789 | D:2      | Reached skill level 1 in Armour
  1000 | D:2      | Reached skill level 3 in Fighting
  1000 | D:2      | Reached XP level 4. HP: 25/28 MP: 4/4
  1249 | D:2      | 1249 ||| READING scroll of brand weapon.
  1249 | D:2      | 1249 ||| BRANDING +0 shortbow of electrocution.
  1314 | D:2      | 1314 ||| READING scroll labelled UFEUNN KUTUGH.
  1314 | D:2      | 1314 ||| ENCHANTING +0 heavy shortbow.
  1315 | D:2      | 1315 ||| READING scroll labelled YHAIDW GUIV.
  1329 | D:2      | 1329 ||| READING scroll labelled VIN XEABIQE.
  1757 | D:3      | 1757 ||| RETREEAATING.
  1758 | D:3      | 1758 ||| STILL RETREEAATING.
  1763 | D:3      | Reached XP level 5. HP: 28/32 MP: 3/5
  2190 | D:3      | 2190 ||| READING scroll of identify.
  2190 | D:3      | 2190 ||| IDENTIFYING fuming yellow potion
  2191 | D:3      | 2191 ||| DROPPING potion of attraction.
  2203 | D:4      | Reached skill level 6 in Ranged Weapons
  2347 | D:4      | 2347 ||| READING scroll of enchant weapon.
  2347 | D:4      | 2347 ||| ENCHANTING +1 heavy shortbow.
  2551 | D:4      | Reached XP level 6. HP: 33/39 MP: 3/6
  2837 | D:4      | 2837 ||| READING scroll labelled WENWOAB ANLYMM.
  2837 | D:4      | 2837 ||| ENCHANTING +0 ring mail.
  2838 | D:4      | 2838 ||| READING scroll labelled HAIKHL NOGEZ.
  2842 | D:4      | 2842 ||| DRINKING 2 puce potions.
  2866 | D:4      | 2866 ||| DRINKING 2 golden potions.
  2867 | D:4      | 2867 ||| DRINKING 3 sedimented ruby potions.
  2868 | D:4      | 2868 ||| DRINKING 2 sedimented pink potions.
  2869 | D:4      | 2869 ||| DROPPING potion of lignification.
  2870 | D:4      | 2870 ||| DROPPING potion of magic.
  2871 | D:4      | 2871 ||| DROPPING potion of degeneration.
  2902 | D:5      | Entered Level 5 of the Dungeon
  2903 | D:5      | 2903 ||| PLANNING OSSUARY
  2916 | D:5      | Identified the +0 ring mail of the Morning Star {Harm
                  | Slay+2 Stlth+}
  2944 | D:5      | Found a sand-covered staircase.
  2945 | D:5      | 2945 ||| DRINKING 2 white potions.
  2955 | Ossuary  | Entered an ossuary
  2985 | Ossuary  | Reached skill level 7 in Ranged Weapons
  2989 | Ossuary  | Reached XP level 7. HP: 42/44 MP: 7/7
  3054 | Ossuary  | Reached skill level 8 in Ranged Weapons
  3113 | Ossuary  | 3113 ||| READING scroll of enchant weapon.
  3113 | Ossuary  | 3113 ||| ENCHANTING +2 heavy shortbow.
  3127 | Ossuary  | 3127 ||| READING scroll of identify.
  3127 | Ossuary  | 3127 ||| IDENTIFYING glowing coppery potion
  3128 | Ossuary  | 3128 ||| READING scroll labelled PEGANUONIR.
  3129 | Ossuary  | 3129 ||| READING 2 scrolls labelled WUEJULAESA.
  3130 | Ossuary  | 3130 ||| DROPPING potion of berserk rage.
  3131 | Ossuary  | 3131 ||| DROPPING scroll of amnesia.
  3144 | D:5      | 3144 ||| PLANNING D:1-11
  3158 | D:5      | Found a staircase to the Ecumenical Temple.
  3159 | D:5      | 3159 ||| PLANNING TEMPLE
  3168 | D:5      | Reached XP level 8. HP: 32/49 MP: 5/8
  3232 | Temple   | Entered the Ecumenical Temple
  3233 | Temple   | 3233 ||| PLANNING D:1-11
  3283 | D:5      | Found a bloodstained altar of Trog.
  3283 | D:5      | Found an iron altar of Okawaru.
  3284 | D:5      | 3284 ||| PLANNING OKAWARU WORSHIP
  3307 | D:5      | 3307 ||| UPGRADING to +0 pair of gloves.
  3312 | D:5      | 3312 ||| READING 3 scrolls of enchant armour.
  3312 | D:5      | 3312 ||| ENCHANTING +0 pair of gloves.
  3313 | D:5      | 3313 ||| READING 2 scrolls of enchant armour.
  3313 | D:5      | 3313 ||| ENCHANTING +1 pair of gloves.
  3314 | D:5      | 3314 ||| READING scroll labelled LOXILUXYOMP.
  3315 | D:5      | Found a radiant altar of Vehumet.
  3323 | D:5      | 3323 ||| DROPPING +0 ring mail of the Morning Star {Harm
                  | Slay+2 Stlth+}.
  3324 | D:5      | 3324 ||| UPGRADING to +3 leather armour.
  3334 | D:5      | 3334 ||| DROPPING +1 ring mail.
  3335 | D:5      | Became a worshipper of Warmaster Okawaru
  3336 | D:5      | 3336 ||| PLANNING D:1-11
  3336 | D:5      | 3336 ||| REMOVING amulet of guardian spirit.
  3375 | D:5      | 3375 ||| FLEEEEING.
  3376 | D:5      | 3376 ||| FLEEEEING.
  3379 | D:5      | 3379 ||| FLEEEEING.
  3380 | D:5      | 3380 ||| FLEEEEING.
  3382 | D:5      | 3382 ||| FLEEEEING.
  3383 | D:5      | 3383 ||| FLEEEEING.
  3384 | D:5      | 3384 ||| FLEEEEING.
  3385 | D:5      | 3385 ||| FLEEEEING.
  3386 | D:5      | 3386 ||| FLEEEEING.
  3388 | D:5      | 3388 ||| STAIRDANCE
  3413 | D:4      | 3413 ||| DROPPING amulet of guardian spirit.
  3417 | D:5      | 3417 ||| STAIRDANCE
  3581 | D:5      | Reached skill level 9 in Ranged Weapons
  3668 | D:5      | 3668 ||| UPGRADING to amulet of the acrobat.
  3673 | D:5      | 3673 ||| READING 2 scrolls of identify.
  3673 | D:5      | 3673 ||| IDENTIFYING clear potion
  3674 | D:5      | 3674 ||| READING scroll of identify.
  3674 | D:5      | 3674 ||| IDENTIFYING red potion
  3675 | D:5      | 3675 ||| DRINKING 3 dark potions.
  3676 | D:5      | 3676 ||| DROPPING potion of brilliance.
  3685 | D:6      | 3685 ||| STAIRDANCE
  3692 | D:6      | 3692 ||| STAIRDANCE
  3759 | D:6      | 3759 ||| STAIRDANCE
  3764 | D:5      | HP: 8/50 [wight/+0 battleaxe (9)]
  3922 | D:6      | 3922 ||| STAIRDANCE
  3927 | D:5      | Reached skill level 6 in Fighting
  3929 | D:6      | 3929 ||| STAIRDANCE
  3951 | D:6      | 3951 ||| STAIRDANCE
  3958 | D:5      | Reached * piety under Okawaru
  4033 | D:6      | 4033 ||| STAIRDANCE
  4096 | D:6      | Reached skill level 1 in Invocations
  4108 | D:6      | 4108 ||| SWAPPING to +2 orcbow of freezing.
  4109 | D:6      | 4109 ||| DROPPING +3 heavy shortbow.
  4184 | D:6      | 4184 ||| DRINKING 2 potions of curing.
  4184 | D:6      | 4184 ||| (to cure confusion)
  4193 | D:6      | 4193 ||| DRINKING potion of curing.
  4193 | D:6      | 4193 ||| (to cure confusion)
  4347 | D:6      | 4347 ||| RETREEAATING.
  4348 | D:6      | 4348 ||| Stepping ~*~*~tactically~*~*~ (retreating).
  4350 | D:6      | 4350 ||| FLEEEEING.
  4351 | D:6      | 4351 ||| FLEEEEING.
  4354 | D:6      | 4354 ||| Stepping ~*~*~tactically~*~*~ (retreating).
  4356 | D:6      | Reached skill level 3 in Invocations
  4356 | D:6      | Reached XP level 9. HP: 55/55 MP: 9/11
  4358 | D:6      | Reached skill level 10 in Ranged Weapons
  4562 | D:6      | Reached skill level 3 in Dodging
  4586 | D:6      | 4586 ||| Stepping ~*~*~tactically~*~*~ (retreating).
  4587 | D:6      | 4587 ||| Stepping ~*~*~tactically~*~*~ (retreating).
  4588 | D:6      | Reached ** piety under Okawaru
  4665 | D:6      | 4665 ||| FLEEEEING.
  4666 | D:6      | 4666 ||| FLEEEEING.
  4667 | D:6      | 4667 ||| FLEEEEING.
  4668 | D:6      | 4668 ||| FLEEEEING.
  4744 | D:6      | Reached skill level 11 in Ranged Weapons
  4930 | D:6      | 4930 ||| UPGRADING to ring of willpower.
  4931 | D:6      | 4931 ||| READING scroll of identify.
  4931 | D:6      | 4931 ||| IDENTIFYING scroll labelled BAINWO ZECKUOV
  4932 | D:6      | 4932 ||| DROPPING scroll of fear.
  5154 | D:7      | Noticed Menkaure
  5161 | D:7      | Killed Menkaure
  5184 | D:7      | Reached *** piety under Okawaru
  5185 | D:7      | Reached XP level 10. HP: 56/64 MP: 13/13
  5215 | D:7      | Found an ornate altar of the Wu Jian Council.
  5381 | D:7      | Noticed Jeremiah
  5388 | D:7      | Killed Jeremiah
  5721 | D:7      | Reached skill level 12 in Ranged Weapons
  5883 | D:7      | 5883 ||| UPGRADING to amulet of regeneration.
  5893 | D:7      | 5893 ||| DROPPING amulet of the acrobat.
  5939 | D:8      | Noticed an orange demon
  5945 | D:8      | Noticed Amaemon
  5950 | D:8      | Killed an orange demon
  5963 | D:8      | 5963 ||| Stepping ~*~*~tactically~*~*~ (retreating).
  5967 | D:8      | 5967 ||| Stepping ~*~*~tactically~*~*~ (retreating).
  5968 | D:8      | Killed Amaemon
  6027 | D:8      | Noticed a two-headed ogre
  6028 | D:8      | 6028 ||| RETREEAATING.
  6034 | D:8      | 6034 ||| Stepping ~*~*~tactically~*~*~ (retreating).
  6039 | D:8      | Killed a two-headed ogre
  6039 | D:8      | Reached **** piety under Okawaru
  6182 | D:8      | Found a snail-covered altar of Cheibriados.
  6537 | D:8      | 6537 ||| UPGRADING to +0 helmet.
  6542 | D:8      | 6542 ||| UPGRADING to +4 ring mail.
  6552 | D:8      | 6552 ||| DROPPING +3 leather armour.
  6553 | D:8      | 6553 ||| UPGRADING to +0 cloak.
  6558 | D:8      | 6558 ||| READING 2 scrolls of enchant armour.
  6558 | D:8      | 6558 ||| ENCHANTING +0 helmet.
  6559 | D:8      | 6559 ||| READING scroll of enchant armour.
  6559 | D:8      | 6559 ||| ENCHANTING +1 helmet.
  6573 | D:9      | Noticed Erolcha
  6573 | D:9      | Found a blossoming altar of Fedhas.
  6580 | D:9      | Killed Erolcha
  6580 | D:9      | Reached ***** piety under Okawaru
  6581 | D:9      | Reached skill level 3 in Armour
  6581 | D:9      | Reached XP level 11. HP: 68/68 MP: 13/15
  6581 | D:9      | 6581 ||| STAIRDANCE
  6647 | D:9      | 6647 ||| READING scroll of enchant armour.
  6647 | D:9      | 6647 ||| ENCHANTING +0 cloak.
  6697 | D:9      | 6697 ||| RETREEAATING.
  6698 | D:9      | 6698 ||| STILL RETREEAATING.
  6700 | D:9      | 6700 ||| Stepping ~*~*~tactically~*~*~ (retreating).
  6701 | D:9      | 6701 ||| Stepping ~*~*~tactically~*~*~ (retreating).
  6702 | D:9      | 6702 ||| Stepping ~*~*~tactically~*~*~ (retreating).
  6703 | D:9      | 6703 ||| Stepping ~*~*~tactically~*~*~ (retreating).
  6704 | D:9      | 6704 ||| Stepping ~*~*~tactically~*~*~ (retreating).
  6705 | D:9      | 6705 ||| Stepping ~*~*~tactically~*~*~ (retreating).
  6706 | D:9      | 6706 ||| Stepping ~*~*~tactically~*~*~ (retreating).
  6707 | D:9      | 6707 ||| Stepping ~*~*~tactically~*~*~ (retreating).
  6708 | D:9      | 6708 ||| Stepping ~*~*~tactically~*~*~ (retreating).
  6719 | D:9      | Reached skill level 6 in Invocations
  6731 | D:9      | Noticed a tengu warrior
  6732 | D:9      | Reached skill level 13 in Ranged Weapons
  6749 | D:9      | HP: 9/68 [tengu warrior/+0 glaive (11)]
  6750 | D:9      | 6750 ||| READING scroll of teleportation.
  6750 | D:9      | Mangled by a tengu warrior

Levels and vault maps discovered:
D:1:      eino_arrival_water_star, layout_loops_ring
D:2:      layout_rooms, serial_forest, infiniplex_forest_clump_tiny,
          infiniplex_forest_lined_corner, infiniplex_forest_end_2,
          infiniplex_forest_lined_4_way, infiniplex_forest_straight_4,
          infiniplex_forest_clump_medium
D:3:      layout_loops_corners, serial_bayou_pond_a
D:4:      layout_loops_ring
D:5:      layout_rooms, gammafunk_temple_overflow_claw, temple_fountains,
          mainiacjoe_ossuary_entry_dusty_tomb
D:6:      minmay_bubble_buster, layout_rooms
D:7:      layout_gridville, nicolae_overflow_crystal_walls,
          minmay_a_box_with_orc_wizards_in_it, uniq_menkaure, uniq_jeremiah
D:8:      layout_basic, mainiacjoe_overflow_catwalk, serial_bayou_ford_a,
          uniq_amaemon
D:9:      minmay_cut_squares, layout_rooms, general_overflow_altar,
          chequers_serial_rivers_marsh, nzn_random_ring, uniq_erolcha
Temple:   compressed_dpeg_triangle_lava_temple

Skill      XL: |  1  2  3  4  5  6  7  8  9 10 11 |
---------------+----------------------------------+-----
Ranged Weapons | 5 6 7 8 9 11 12 13 | 13.0
Armour         | 1 2 3 4 |  4.0
Fighting       | 3 4 5 6 8 |  8.1
Dodging        | 2 3 4 |  4.9
Invocations    | 3 4 5 6 |  6.3
Stealth        | |  1.1

Action                     |  1- 3 |  4- 6 |  7- 9 | 10-12 || total
---------------------------+-------+-------+-------+-------++-------
   Fire: Shortbow          |   118 |   133 |   135 |       ||   386
         Orcbow            |       |       |   186 |   255 ||   441
    Use: Scroll            |     4 |     8 |    10 |     4 ||    26
         Potion            |       |     5 |     3 |       ||     8
 Armour: Leather armour    |    10 |       |   115 |    76 ||   201
         Ring mail         |    25 |    67 |    71 |    41 ||   204
  Dodge: Dodged            |    31 |    41 |   133 |    65 ||   270

Table legend:
 A = Non-vault XP
 B = Vault XP
 C = Vault XP percentage of total XP
 D = Non-vault monster count
 E = Vault monster count
 F = Vault count percentage of total count
                 A         B        C        D         E       F
            +---------+---------+-------+---------+---------+-------
      Total |    6213 |    4415 |  41.5 |     185 |      36 |  16.3
            +---------+---------+-------+---------+---------+-------
        D:1 |      42 |       0 |   0.0 |      23 |       0 |   0.0
        D:2 |      54 |       0 |   0.0 |      19 |       0 |   0.0
        D:3 |     108 |       0 |   0.0 |      22 |       0 |   0.0
        D:4 |     189 |       0 |   0.0 |      18 |       0 |   0.0
        D:5 |     858 |       0 |   0.0 |      21 |       0 |   0.0
        D:6 |     989 |    1073 |  52.0 |      20 |      13 |  39.4
        D:7 |    1147 |     649 |  36.1 |      23 |       5 |  17.9
        D:8 |    1544 |    1165 |  43.0 |      24 |       2 |   7.7
        D:9 |    1282 |     857 |  40.1 |      15 |       1 |   6.2
    Ossuary |       0 |     671 | 100.0 |       0 |      15 | 100.0
            +---------+---------+-------+---------+---------+-------
